 Dungeon Crawl Stone Soup version 0.31-a0-549-gf98fd537a9 (webtiles) character file.

Game seed: 10572137619649596261

1082 AdnanSaban the Covered (level 8, -3/48 HPs)
             Began as a Gargoyle Fighter on Aug 16, 2023.
             Slain by an iguana (7 damage)
             ... on level 6 of the Dungeon.
             The game lasted 00:05:14 (5436 turns).

AdnanSaban the Covered (Gargoyle Fighter)           Turns: 5436, Time: 00:05:15

Health: -3/48      AC:  8    Str: 22    XL:     8   Next: 30%
Magic:  0/8        EV: 10    Int:  9    God:
Gold:   225        SH:  5    Dex: 15    Spells: 7/7 levels left

rFire   . . .        a - +0 flail
rCold   . . .        c - +0 buckler
rNeg    + . .        b - +0 scale mail
rPois   ∞            s - +1 helmet
rElec   +            (no cloak)
rCorr   .            o - +0 pair of gloves
SInv    .            (no boots)
Will    .....        u - amulet of guardian spirit Stlth
                     f - +6 ring of dexterity
HPRegen 0.28/turn    (no ring)
MPRegen 0.11/turn

%: guardian spirit
@: corroded
A: sickness immunity, AC +5, negative energy resistance 1, electricity
resistance, torment resistance 1, petrification resistance
a: no special abilities


You were on level 6 of the Dungeon.
You visited 2 branches of the dungeon, and saw 7 of its levels.

You collected 225 gold pieces.

Inventory:

Hand Weapons
 a - a +0 flail (weapon)
Missiles
 k - 4 boomerangs (quivered)
Armour
 b - a +0 scale mail (worn)
 c - a +0 buckler (worn)
 o - a +0 pair of gloves (worn)
 s - a +1 helmet (worn)
Jewellery
 f - a +6 ring of dexterity (left hand)
 u - an amulet of guardian spirit (around neck)
 x - an amulet of faith
 A - a +6 ring of strength
Wands
 t - a wand of paralysis (8)
 w - a wand of light (11)
 y - a wand of polymorph (9)
 B - a wand of flame (24)
Scrolls
 e - a scroll of fog {unknown}
 g - 3 scrolls of brand weapon {unknown}
 l - 4 scrolls of identify {unknown}
 m - a scroll of revelation {unknown}
 p - a scroll of noise {unknown}
 q - 3 scrolls of fear {unknown}
 v - 3 scrolls of teleportation {unknown}
Potions
 d - a potion of might
 h - a potion of enlightenment {unknown}
 i - 3 potions of curing {unknown}
 j - 2 potions of berserk rage {unknown}
 n - a potion of brilliance {unknown}
 r - a potion of degeneration {unknown}
 z - 2 potions of magic {unknown}


   Skills:
 + Level 4.9 Fighting
 + Level 6.1 Maces & Flails
 + Level 0.4 Throwing
 + Level 6.3 Armour
 + Level 2.0 Dodging
 + Level 0.6 Stealth
 + Level 4.8 Shields


You had 7 spell levels left.
You didn't know any spells.
Your spell library contained the following spells:

 Spells                   Type           Power      Damage    Failure   Level
 Necrotise                Necr           0%         1d4       75%         1
 Gell's Gravitas          Tloc           0%         N/A       98%         3
 Teleport Other           Tloc           0%         N/A       98%         3
 Vampiric Draining        Necr           0%         2d6       98%         3
 Agony                    Necr           0%         N/A       100%        5
 Dispersal                Tloc           0%         N/A       100%        6


Dungeon Overview and Level Annotations

Branches:
Dungeon (6/15)             Temple (1/1) D:4

Altars:
Ashenzari
Cheibriados
Fedhas
Gozag
Hepliaklqana
Makhleb
Nemelex Xobeh
Qazlal
Trog
Vehumet
Wu Jian
Yredelemnul
The Shining One

Shops:
D:1 [   D:6 [


Innate Abilities, Weirdness & Mutations

You are immune to sickness and miasma.
Your stone body is resilient. (AC +5)
You are immune to poison.
You resist negative energy. (rN+)
You are resistant to electric shocks. (rElec)
You are resistant to unholy torment.
You are immune to petrification.


Message History

The jelly hits you but does no damage.
You barely miss the water moccasin.
The water moccasin is heavily wounded.
The water moccasin bites you. The kobold barely misses you.
You block the kobold's attack. The iguana completely misses you.
The jelly hits you but does no damage. The water moccasin bites you.
* * * LOW HITPOINT WARNING * * *
You barely miss the water moccasin.
The water moccasin is heavily wounded.
The water moccasin barely misses you. The kobold completely misses you.
The kobold hits you but does no damage.
The iguana bites you but does no damage.
The jelly barely misses you.
Unknown command.
You closely miss the water moccasin.
The water moccasin is heavily wounded.
The water moccasin barely misses you. The kobold hits you but does no damage.
You block the iguana's attack. The jelly misses you.
The water moccasin closely misses you.
You sock the water moccasin!
The water moccasin is almost dead.
The water moccasin bites you but does no damage.
You block the kobold's attack. x2
The iguana bites you but does no damage.
The jelly closely misses you.
You hit the water moccasin but do no damage.
The water moccasin is almost dead.
The water moccasin bites you.
* * * LOW HITPOINT WARNING * * *
The kobold hits you but does no damage. The kobold closely misses you.
You block the jelly's attack. The iguana bites you.
* * * LOW HITPOINT WARNING * * *
The water moccasin misses you.
You miss the water moccasin.
The water moccasin is almost dead.
You block the jelly's attack. The kobold barely misses you.
You block the kobold's attack. The water moccasin bites you.
* * * LOW HITPOINT WARNING * * *
The iguana bites you!
You die...

...........###.##########....####
...#######.#............'....+...
>....# #.#.#.##########....####
.....# #.#.#.........#.....###
.....# #.#...........#......<#
.....# #.######...############
.....# #.. +...+ +##### ##S..#
#@K..# . #....KKlJ...... .#
##...KKK......# # #........~~..#
#...(...~..~.# #S...~~..~..~~~#
~~..~..~:.~..~~~ ~~..~..~⌠.~...~


You could see a water moccasin, an iguana, a jelly, an electric eel and 6
kobolds.

Vanquished Creatures
  Duvessa (D:6)
  A black bear (D:3)
  A sky beast (D:5)
  A phantom (D:5)
  A kobold brigand (D:6)
  3 scorpions (D:5)
  Dowan (D:6)
  4 hounds
  A gnoll bouda (D:5)
  A sleepcap (D:5)
  An iguana (D:4)
  4 gnolls
  8 adders
  4 worms
  4 dart slugs
  12 orcs
  10 endoplasms
  4 giant cockroaches
  11 goblins
  8 hobgoblins
  5 jackals (D:2)
  7 kobolds
  2 quokkas (D:3)
  5 ball pythons
  8 bats
  2 frilled lizards
  5 rats
115 creatures vanquished.

Notes
Turn   | Place    | Note
-------+----------+-------------------------------------------
     0 | D:1      | AdnanSaban the Gargoyle Fighter began the quest for the
                  | Orb.
     0 | D:1      | Reached XP level 1. HP: 14/14 MP: 1/1
   137 | D:1      | Reached XP level 2. HP: 11/19 MP: 2/2
   613 | D:2      | Reached XP level 3. HP: 22/23 MP: 3/3
   911 | D:2      | Reached XP level 4. HP: 28/28 MP: 4/4
  1291 | D:2      | Reached skill level 1 in Dodging
  1343 | D:2      | Found a faded altar of an unknown god.
  1696 | D:3      | Noticed a phantom
  1737 | D:3      | Noticed a black bear
  2203 | D:3      | Reached XP level 5. HP: 31/33 MP: 5/5
  2397 | D:3      | Found a bloodstained altar of Trog.
  2875 | D:3      | Killed a black bear
  2876 | D:3      | Reached XP level 6. HP: 19/38 MP: 6/6
  3135 | D:4      | Found a staircase to the Ecumenical Temple.
  3212 | Temple   | Entered the Ecumenical Temple
  3447 | D:4      | Identified the +5 dagger of the Beastly God {heavy, rPois
                  | Will+ Int+3}
  3600 | D:4      | Noticed a black bear
  3807 | D:5      | Entered Level 5 of the Dungeon
  3818 | D:5      | Found the +8 whip "Snakebite" {venom, curare, rPois}
  3887 | D:5      | Reached skill level 5 in Armour
  3940 | D:5      | Reached XP level 7. HP: 39/44 MP: 5/7
  4471 | D:5      | Found a sparkling altar of Nemelex Xobeh.
  4489 | D:5      | Reached skill level 5 in Maces & Flails
  4583 | D:5      | Found an ornate altar of the Wu Jian Council.
  4758 | D:5      | Reached XP level 8. HP: 42/48 MP: 8/8
  5242 | D:6      | Identified the +5 plate armour "Dyipson" {Harm Will+ Str-4
                  | Int+3}
  5275 | D:6      | Found Lotuvynn's Antique Armour Shop.
  5307 | D:6      | Noticed Duvessa
  5307 | D:6      | Noticed Dowan
  5321 | D:6      | Killed Duvessa
  5334 | D:6      | Killed Dowan
  5436 | D:6      | Slain by an iguana

Illustrated notes

Levels and vault maps discovered:
D:1:      roderic_crop_circles_arrival_small, layout_rooms, serial_shops, shop
D:2:      layout_basic, shapermc_ecumenical_altar_venn, st_stairs_3
D:3:      layout_loops_ring, trog_hazing_becter, kennysheep_nondescript,
          kennysheep_minor_cross, lightli_corner_chamber
D:4:      layout_loops_ring, minmay_temple_entry_mist, minmay_puff
D:5:      layout_layer_cave, kennysheep_mini_moat, nemelex_spade_bored_becter
D:6:      cheibrodos_helix_gallery, layout_basic, serial_shops, shop,
          uniq_duvessa
Temple:   hellmonk_temple_beads

Skill      XL: |  1  2  3  4  5  6  7  8 |
---------------+-------------------------+-----
Dodging        | 1 2 |  2.0
Shields        | 4 |  4.8
Armour         | 4 5 6 |  6.3
Maces & Flails | 3 4 5 6 |  6.1
Fighting       | 4 |  4.9
Throwing       | |  0.4
Stealth        | |  0.6

Action                     |  1- 3 |  4- 6 |  7- 9 || total
---------------------------+-------+-------+-------++-------
  Melee: Flail             |   213 |   211 |   135 ||   559
  Throw: Boomerang         |       |     3 |       ||     3
 Armour: Scale mail        |   148 |   149 |   103 ||   400
  Dodge: Dodged            |   141 |   128 |    95 ||   364
  Block: Buckler           |    54 |    55 |    52 ||   161

Table legend: (Time is in decaauts)
 A = Elapsed time spent in this place.
 B = Non-inter-level travel time spent in this place.
 C = Inter-level travel time spent in this place.
 D = Time resting spent in this place.
 E = Time spent auto-exploring this place.
 F = Levels seen in this place.
 G = Mean time per level.
                   A        B        C        D        E       F      G
               +--------+--------+--------+--------+--------+-----+--------+
         Total |   5595 |   4990 |    605 |      0 |   3715 |   7 |  799.3 |
       Dungeon |   5593 |   4988 |    605 |      0 |   3715 |   6 |  932.2 |
        Temple |      1 |      1 |      0 |      0 |      0 |   1 |    1.0 |
               +--------+--------+--------+--------+--------+-----+--------+

Top non-repeatable levels by time:
     D:3: 1503 daAuts
     D:5: 1144 daAuts
     D:2: 1045 daAuts
     D:4: 1033 daAuts
     D:1: 625 daAuts
     D:6: 240 daAuts
  Temple: 1 daAuts
